 Dungeon Crawl Stone Soup version 0.29.1-2-gbd0b4ee654 (webtiles) character file.

Game seed: 12888283464992722051

463 unlimited1921 the Magician (level 7, 0/45 HPs)
             Began as a Djinni Fire Elementalist on Nov 1, 2022.
             Slain by a bat (1 damage)
             ... summoned by Eustachio
             ... on level 4 of the Dungeon.
             The game lasted 00:15:29 (10044 turns).

unlimited1921 the Magician (DjFE)                  Turns: 10044, Time: 00:15:30

Health: 0/45       AC:  2    Str: 13    XL:     7   Next: 29%
Gold:   122        EV: 12    Int: 19    God:
                   SH:  0    Dex: 13

rFire   + + .      SeeInvis .   c - +1 short sword (venom)
rCold   x . .      Faith    .   (no shield)
rNeg    . . .      Spirit   .   a - +0 robe
rPois   ∞          Reflect  .   (no helmet)
rElec   .          Harm     .   (no cloak)
rCorr   .          Rampage  .   (no gloves)
Will    .....                   (boots unavailable)
Stlth   ++........              (no amulet)
HPRegen 0.15/turn               s - +6 ring of strength
MPRegen 0.00/turn               (no ring)

@: flying
A: sickness immunity, fire resistance 2, cold vulnerability 1, float, innate
caster, HP casting, extra vitality 1
a: no special abilities


You were on level 4 of the Dungeon.
You visited 1 branch of the dungeon, and saw 4 of its levels.

You collected 122 gold pieces.

Inventory:

Hand Weapons
 c - a +1 short sword of venom (weapon)
Armour
 a - a +0 robe (worn)
 e - a +0 leather armour
Jewellery
 s - a +6 ring of strength (left hand)
Scrolls
 b - a scroll of fear {unknown}
 f - 5 scrolls of identify {unknown}
 g - a scroll of magic mapping {unknown}
 h - a scroll of butterflies {unknown}
 i - a scroll of amnesia {unknown}
 l - a scroll of immolation {unknown}
 m - 2 scrolls of teleportation {unknown}
 n - a scroll of torment {unknown}
 o - a scroll of blinking {unknown}
 r - a scroll of summoning {unknown}
Potions
 d - a potion of ambrosia {unknown}
 j - 2 potions of attraction {unknown}
 k - a potion of degeneration {unknown}
 p - a potion of haste {unknown}
 q - a potion of berserk rage {unknown}
 t - a potion of mutation {unknown}


   Skills:
 + Level 2.5 Dodging
 + Level 2.7 Stealth
 + Level 5.5 Spellcasting


You couldn't memorise any spells.
You knew the following spells:

 Your Spells              Type           Power      Damage    Failure   Level
a - Foxfire               Conj/Fire      100%       2x1d9     1%          1
b - Scorch                Fire           52%        2d8       1%          2
c - Conjure Flame         Conj/Fire      26%        6-21      3%          3
d - Inner Flame           Hex/Fire       26%        N/A       3%          3
e - Flame Wave            Conj/Fire      26%        2d8       12%         4
f - Necrotise             Necr           100%       1d9       1%          1
g - Static Discharge      Conj/Air       26%        3-7/arc   1%          2
h - Call Canine Familiar  Summ           26%        N/A       3%          3
Your spell library was empty.

Dungeon Overview and Level Annotations

Branches:
Dungeon (4/15)
 Temple: D:4-7

Altars:
Yredelemnul

Annotations:
D:4 Eustachio


Innate Abilities, Weirdness & Mutations

You are immune to sickness and miasma.
You are immune to poison.
Your flesh is very heat resistant. (rF++)
You are vulnerable to cold. (rC-)
You float through the air rather than walking.
You learn spells naturally, not from books.
Your magical power is your life essence.
You have superior vitality. (+4 MHP)


Message History

The bat barely misses you. x2; The bat hits you but does no damage.
The shadow imp splashes around in the water.
The bat hits you but does no damage. The bat barely misses you.
The bat attacks as you move away! The bat hits you.
* * * LOW HITPOINT WARNING * * *
The bat attacks as you move away! The bat misses you.
The bat closely misses your hound. The bat hits you.
* * * LOW HITPOINT WARNING * * *
The bat barely misses your hound.
Your hound bites the bat.
Something hits the plant.
The plant begins to die.
The bat hits your hound but does no damage.
The bat barely misses your hound.
Your hound barely misses the bat.
The bat barely misses you.
Your hound bites the bat.
The bat closely misses you.
The bat hits your hound but does no damage.
The bat closely misses your hound. The bat barely misses you.
The bat closely misses you. The bat hits you but does no damage.
Your hound bites the bat.
The bat dies!
The bat's corpse disappears in a puff of smoke!
The bat closely misses you. The bat misses your hound.
The bat hits you but does no damage. The bat hits you.
* * * LOW HITPOINT WARNING * * *
The bat hits you but does no damage. The bat barely misses you.
The bat closely misses you. The bat attacks as you move away!
The bat hits you but does no damage. The bat misses you. The bat hits you.
* * * LOW HITPOINT WARNING * * *
Your hound bites the plant.
The plant begins to die.
Your hound splashes around in the water.
The bat hits you.
* * * LOW HITPOINT WARNING * * *
Your hound bites the plant.
Your hound bites the plant.
The bat misses you.
Your hound bites the plant.
The bat closely misses you. The bat hits you.
You die...

).......÷.## ...........###
...)..........#######
.....#......##.....@.####
...........###########....####
.........##..####P~P.~.###..55#
................PPP~PP~...###5b
.............<.PPP~~~PP.#.#####
..............@~Ph~~≈~P.#......
..............b~P♣~♣≈~P.>.....♣
...............P.~≈~♣~~~~.......
..........).....~~~≈♣P♣♣~P.......
..........#.....P♣♣~PPPP♣P~....##
..........#.###)P≈♣PPPPP~♣.P...#
..........#.###PP≈~.PP#~~~P~...#
#.........#....P~≈PP###P~~~~~..#
~~~~~~....###.#.P~P..###P~♣PP#.#


You could see a bat (summoned, ally target) and a friendly hound (summoned).

Vanquished Creatures
  A black bear (D:4)
  A scorpion (D:4)
  A necrophage (D:4)
  An orc priest (D:4)
  An iguana (D:4)
  An orc wizard (D:3)
  A gnoll (D:1)
  5 adders
  A white imp (D:4)
  An ufetubus (D:2)
  3 worms (D:2)
  A dart slug (D:2)
  9 orcs
  4 ball pythons
  6 endoplasms
  7 giant cockroaches
  6 goblins
  5 hobgoblins
  6 jackals
  7 quokkas
  5 bats
  6 frilled lizards
  7 kobolds
  2 rats
88 creatures vanquished.

Vanquished Creatures (collateral kills)
  3 foxfires (D:4)
3 creatures vanquished.

Vanquished Creatures (others)
  261 foxfires
  12 plants (D:4)
273 creatures vanquished.

Grand Total: 364 creatures vanquished

Notes
Turn   | Place    | Note
-------+----------+-------------------------------------------
     0 | D:1      | unlimited1921 the Djinni Fire Elementalist began the quest
                  | for the Orb.
     0 | D:1      | unlimited1921 set off with the following spells memorised:
                  | Foxfire, Scorch, Conjure Flame, Inner Flame, Flame Wave.
     0 | D:1      | Reached XP level 1. HP: 15/15 MP: 0/0
   335 | D:1      | Reached XP level 2. HP: 16/21 MP: 0/0
  1094 | D:1      | Reached skill level 3 in Spellcasting
  1094 | D:1      | Reached XP level 3. HP: 22/25 MP: 0/0
  1094 | D:1      | Learned a level 1 spell: Necrotise
  2812 | D:2      | Reached XP level 4. HP: 22/31 MP: 0/0
  3741 | D:2      | Found a faded altar of an unknown god.
  5502 | D:3      | Found a basalt altar of Yredelemnul.
  6173 | D:3      | Reached XP level 5. HP: 20/35 MP: 0/0
  6173 | D:3      | Learned a level 2 spell: Static Discharge
  6544 | D:3      | Reached skill level 4 in Spellcasting
  8463 | D:4      | Reached XP level 6. HP: 28/40 MP: 0/0
  9046 | D:4      | Reached skill level 5 in Spellcasting
  9422 | D:4      | Noticed a black bear
  9474 | D:4      | Killed a black bear
  9475 | D:4      | Reached XP level 7. HP: 40/45 MP: 0/0
  9475 | D:4      | Learned a level 3 spell: Call Canine Familiar
  9971 | D:4      | Noticed Eustachio
  9987 | D:4      | HP: 2/45 [shadow imp/nerve-wracking pain[Eustachio] (6)]
 10029 | D:4      | HP: 2/45 [bat[Eustachio] (1)]
 10034 | D:4      | HP: 1/45 [bat[Eustachio] (1)]
 10040 | D:4      | HP: 1/45 [bat[Eustachio] (1)]
 10044 | D:4      | Slain by a bat

Illustrated notes

Levels and vault maps discovered:
D:1:      minmay_arrival_up_and_down, layout_rooms, minmay_tall_x
D:2:      layout_basic, hellmonk_ecumenical_altar_heavens_door, basic_altar
D:3:      layout_rooms, overflow_temple_1_default
D:4:      layout_rooms, serial_bayou, serial_bayou_lagoon_a,
          serial_bayou_lagoon_b, serial_bayou_ford_a, serial_bayou_shore_a,
          minmay_increasing_density, uniq_eustachio

Skill      XL: |  1  2  3  4  5  6 |
---------------+-------------------+-----
Spellcasting   | 3 4 5 |  5.5
Stealth        | 2 |  2.7
Dodging        | |  2.5

Action                   |  1- 3 |  4- 6 |  7- 9 || total
-------------------------+-------+-------+-------++-------
Melee: Short sword       |       |       |     7 ||     7
 Cast: Foxfire           |    65 |    86 |     9 ||   160
       Scorch            |    10 |    41 |     2 ||    53
       Inner Flame       |       |     7 |     3 ||    10
       Call Canine Famil |       |       |     2 ||     2
Armor: Robe              |     3 |     4 |    12 ||    19
Dodge: Dodged            |    11 |    12 |    27 ||    50
